 Dungeon Crawl Stone Soup version 0.27-a0-1200-g94dc6ad4cf (webtiles) character file.

Game seed: 18249094571798739769

22514 MacCMillion the Fighter (level 12, -2/110 HPs)
             Began as a Pale Draconian Conjurer on May 31, 2021.
             Was a Priest of Dithmenos.
             Succumbed to Nessos's poison
             ... on level 4 of the Lair of Beasts on June 1, 2021.
             The game lasted 02:03:46 (21268 turns).

MacCMillion the Fighter (Pale Draconian Conjurer)  Turns: 21268, Time: 02:03:47

Health: -2/110     AC:  9    Str:  9    XL:     12   Next: 63%
Magic:  20/26      EV: 14    Int: 29    God:    Dithmenos [***...]
Gold:   611        SH:  0    Dex: 11    Spells: 11/31 levels left

rFire    . . .     SeeInvis .   a - +0 dagger
rCold    . . .     Faith    .   (no shield)
rNeg     . . .     Spirit   .   (armour unavailable)
rPois    .         Reflect  .   o - +1 hat
rElec    .         Harm     .   (no cloak)
rCorr    .         Rampage  .   (no gloves)
Will     +....                  (no boots)
Stlth    +++.......             y - amulet of regeneration
HPRegen  1.28/turn              i - ring of willpower
MPRegen  0.20/turn              m - +6 ring of intelligence

@: lethally poisoned (-2 -> -52), swift, wreathed by umbra, quick
A: breathe steam, AC +8, unfitting armour, cold-blooded, steam resistance
a: Breathe Steam, Renounce Religion, Shadow Step


You were on level 4 of the Lair of Beasts.
You worshipped Dithmenos.
Dithmenos was most pleased with you.
You visited 3 branches of the dungeon, and saw 15 of its levels.

You collected 1066 gold pieces.
You spent 455 gold pieces at shops.

Inventory:

Hand Weapons
 a - a +0 dagger (weapon)
 b - a +0 dagger of venom
 C - a +5 dagger of freezing
Missiles
 q - 66 poisoned darts
 r - 3 throwing nets
 L - 8 curare-tipped darts
Armour
 o - a +1 hat (worn)
Jewellery
 f - a +4 ring of evasion
 i - a ring of willpower (left hand)
 l - a ring of flight
 m - a +6 ring of intelligence (right hand)
 s - a ring of magical power
 y - an amulet of regeneration (around neck)
 A - a ring of ice
 F - a +6 ring of strength
 S - a ring of ice
 V - a ring of see invisible
 X - a ring of protection from fire
Wands
 x - a wand of paralysis (22)
 B - a wand of iceblast (28)
 E - a wand of mindburst (13)
 G - a wand of acid (20)
Scrolls
 g - 2 scrolls of magic mapping
 j - 3 scrolls of teleportation
 k - 3 scrolls of blinking
 p - a scroll of vulnerability {unknown}
 t - 3 scrolls of brand weapon {unknown}
 v - a scroll of torment {unknown}
 H - 2 scrolls of noise {unknown}
 I - 2 scrolls of amnesia {unknown}
 J - 3 scrolls of enchant weapon {unknown}
 K - 3 scrolls of enchant armour {unknown}
 O - a scroll of summoning {unknown}
 R - a scroll of fog {unknown}
 T - a scroll of holy word {unknown}
 U - 6 scrolls of identify
Potions
 c - 5 potions of might
 d - 3 potions of degeneration
 e - a potion of invisibility
 h - 2 potions of resistance
 n - 2 potions of magic
 u - a potion of lignification {unknown}
 w - 2 potions of attraction
 z - 4 potions of curing
 D - 2 potions of haste
 M - a potion of cancellation {unknown}
 N - a potion of mutation {unknown}
 P - 3 potions of berserk rage {unknown}
 W - a potion of heal wounds
Miscellaneous
 Q - a condenser vane


   Skills:
 + Level 11.0 Fighting
 + Level 7.7 Dodging
 - Level 2.5 Stealth
 + Level 10.0 Spellcasting
 - Level 10.0 Conjurations
 - Level 3.5 Hexes
 + Level 9.5 Air Magic


You had 11 spell levels left.
You knew the following spells:

 Your Spells              Type           Power      Damage    Failure   Level
a - Magic Dart            Conj           100%       1d8       1%          1
b - Searing Ray           Conj           100%       3d7       1%          2
c - Fulminant Prism       Conj/Hex       26%        3d14      2%          4
d - Shock                 Conj/Air       100%       1d9       1%          1
e - Lightning Bolt        Conj/Air       32%        1d49      1%          5
f - Petrify               Tmut/Erth      14%        N/A       36%         4
g - Swiftness             Air            63%        N/A       1%          3

Your spell library contained the following spells:

 Spells                   Type           Power      Damage    Failure   Level
 Corona                   Hex            37%        N/A       1%          1
 Static Discharge         Conj/Air       64%        N/A       1%          2
 Dazzling Flash           Conj/Hex       100%       N/A       1%          3
 Stone Arrow              Conj/Erth      86%        3d12      1%          3
 Airstrike                Air            31%        N/A       1%          4
 Ensorcelled Hibernation  Hex/Ice        48%        N/A       2%          2
 Confusing Touch          Hex            34%        N/A       2%          3
 Tukima's Dance           Hex            34%        N/A       2%          3
 Sandblast                Erth           28%        2d8       3%          1
 Summon Small Mammal      Summ           56%        N/A       3%          1
 Iskenderun's Mystic Bla  Conj/Tloc      43%        2d10      4%          4
 Call Imp                 Summ           14%        N/A       5%          2
 Passwall                 Tmut/Erth      11%        N/A       5%          2
 Summon Guardian Golem    Hex/Summ       24%        N/A       5%          3
 Summon Lightning Spire   Summ/Air       42%        N/A       5%          4
 Call Canine Familiar     Summ           14%        N/A       11%         3
 Summon Ice Beast         Ice/Summ       14%        N/A       36%         4
 Lee's Rapid Deconstruct  Erth           7%         3d7*      71%         5


Dungeon Overview and Level Annotations

Branches:
Dungeon (10/15)            Temple (1/1) D:4            Lair (4/6) D:9
  Swamp (0/4) Lair:3       Spider (0/4) Lair:4          Orc (0/2) D:9

Altars:
Ashenzari
Cheibriados
Dithmenos
Elyvilon
Fedhas
Gozag
Hepliaklqana
Kikubaaqudgha
Makhleb
Nemelex Xobeh
Okawaru
Qazlal
Ru
Sif Muna
Trog
Uskayaw
Vehumet
Wu Jian
Xom
Yredelemnul
Zin
The Shining One
Beogh

Shops:
D:5 !((:

Annotations:
Lair:4 Nessos


Innate Abilities, Weirdness & Mutations

You can breathe blasts of scalding, opaque steam.
Your pale cyan-grey scales are hard. (AC +8)
You cannot fit into any form of body armour.
You are cold-blooded and may be slowed by cold attacks.
You are immune to the effects of steam.


Message History

You conjure a prism of explosive energy!
Nessos shouts!
A fulminant prism comes into view.
Nessos wields a +3 longbow of flaming.
It bursts into flame!
Nessos shoots an arrow.
The arrow hits you!! The arrow burns you!
You are poisoned.
Nessos shoots an arrow.
The arrow hits you! The arrow burns you.
You are more poisoned.
You feel extremely sick.
Your fulminant prism crackles loudly.
Casting: Fulminant Prism (mildly dangerous; 2% risk of failure)
Confirm with . or Enter, or press ? or * to list all spells.
Aiming: Shock (safe; 1% risk of failure)
Press: ? - help, Shift-Dir - straight line, f - Nessos
Aim: Nessos, wielding a +3 longbow of flaming, wearing a +0 barding and quivering arrows (ally target, 84% to hit)
Okay, then.
Casting: Shock (safe; 1% risk of failure)
Confirm with . or Enter, or press ? or * to list all spells.
You feel quick.
You feel extremely sick.
Nessos gestures wildly while chanting.
Nessos seems to speed up.
Your fulminant prism explodes!
The blast of energy engulfs Nessos!!
Nessos is moderately wounded.
The blast of energy engulfs the plant!!
The plant begins to die.
The plant is lightly damaged.
You hear a croak.
You feel very sick.
Nessos intently looks at you, slowly moving their tail.
Nessos shoots an arrow.
The arrow hits you! The arrow burns you.
You are more poisoned.
* * * LOW HITPOINT WARNING * * *
Nessos shoots an arrow.
The arrow hits you!
* * * LOW HITPOINT WARNING * * *
The arrow burns you.
You are more poisoned.
* * * LOW HITPOINT WARNING * * *
Okay, then.
You die...

......c......###.[.....
......#........
.......##.
#...##........
......P.. ......#P....#
#....... P.....#...[#
#....... #.#...#...#
#....... #........#
#...... ##.......##
##...#.. ....)....@##
##...##.. ...........#
##....###P
....#.#....##
###....####P .##
##......###.#..### #..
#....#......#...# ##.
###...##.......## #P.
...## ###....#.# #..
##.. #....### ##.. #.#
###P..# #...


There were no monsters in sight!

Vanquished Creatures
  2 hydras (Lair:3)
  2 two-headed ogres
  3 oklob plants (Lair:2)
  Maurice (D:9)
  A black mamba (Lair:2)
  5 cane toads
  6 komodo dragons
  4 rime drakes
  Maggie (D:8)
  A polar bear (Lair:2)
  A hornet (D:8)
  12 blink frogs
  7 dream sheep (Lair:4)
  A shadow (D:9)
  22 yaks
  A basilisk (Lair:4)
  A wyvern (Lair:2)
  3 wraiths
  Eustachio (D:4)
  A steam dragon (D:8)
  Edmund (D:4)
  Duvessa (D:4)
  12 water moccasins
  2 black bears
  A swamp drake (Lair:2)
  An ice beast (D:5)
  3 orc warriors
  A sky beast (D:5)
  2 ogres (D:6)
  5 wolves
  2 centaurs
  11 bullfrogs
  A gnoll sergeant (D:5)
  A wyvern zombie (D:5)
  A scorpion (D:4)
  Dowan (D:4)
  5 killer bees (D:9)
  6 wights
  3 howler monkeys (D:10)
  2 hounds (D:4)
  2 bullfrog zombies (D:6)
  A centaur skeleton (D:6)
  6 orc priests
  7 jellies
  3 iguanas
  9 orc wizards
  A killer bee zombie (D:8)
  Robin (D:2)
  2 howler monkey zombies
  6 adders
  8 gnolls
  2 shadow imps
  2 ufetubi
  2 worms
  5 dart slugs
  17 orcs
  3 bats
  7 endoplasms
  4 giant cockroaches
  7 hobgoblins
  7 jackals (D:2)
  7 kobolds
  5 ball pythons
  5 frilled lizards
  11 goblins
  9 rats
  3 fulminant prisms
280 creatures vanquished.

Vanquished Creatures (others)
  53 fulminant prisms
  11 fungi
  11 plants
75 creatures vanquished.

Grand Total: 355 creatures vanquished

Notes
Turn   | Place    | Note
-------+----------+-------------------------------------------
     0 | D:1      | MacCMillion the Draconian Conjurer began the quest for the
                  | Orb.
     0 | D:1      | Reached XP level 1. HP: 14/14 MP: 3/3
   343 | D:1      | Reached XP level 2. HP: 15/20 MP: 0/5
   679 | D:1      | Learned a level 2 spell: Searing Ray
  1647 | D:2      | Found an opulent altar of Gozag.
  1709 | D:2      | Reached XP level 3. HP: 26/26 MP: 0/6
  1921 | D:2      | Noticed Robin
  2154 | D:2      | Found a faded altar of an unknown god.
  2457 | D:2      | Reached XP level 4. HP: 33/33 MP: 5/7
  2488 | D:2      | Reached skill level 5 in Conjurations
  2863 | D:2      | Killed Robin
  4061 | D:4      | Noticed Duvessa
  4061 | D:4      | Noticed Dowan
  4157 | D:4      | Noticed a scorpion
  4194 | D:4      | Killed a scorpion
  4195 | D:4      | Reached XP level 5. HP: 8/38 MP: 0/9
  4474 | D:4      | Learned a level 4 spell: Fulminant Prism
  4552 | D:4      | Reached XP level 6. HP: 41/46 MP: 6/11
  4615 | D:4      | Killed Dowan
  4616 | D:4      | Reached skill level 1 in Fighting
  4616 | D:4      | Reached skill level 1 in Hexes
  4686 | D:4      | Noticed Eustachio
  5010 | D:4      | Killed Eustachio
  5011 | D:4      | Reached skill level 2 in Fighting
  5084 | D:4      | Noticed Edmund
  5701 | D:4      | Killed Edmund
  5702 | D:4      | Your scales start taking on a pale cyan-grey colour.
  5702 | D:4      | Reached XP level 7. HP: 56/56 MP: 2/13
  5702 | D:4      | Gained mutation: You are immune to the effects of steam.
                  | [Pale Draconian growth]
  5829 | D:4      | Found a staircase to the Ecumenical Temple.
  5858 | D:4      | Killed Duvessa
  5999 | Temple   | Entered the Ecumenical Temple
  6176 | Temple   | Became a worshipper of Dithmenos the Shadowed
  6241 | D:5      | Entered Level 5 of the Dungeon
  6274 | D:5      | Reached skill level 3 in Fighting
  6717 | D:5      | Reached XP level 8. HP: 55/66 MP: 8/15
  6984 | D:5      | Found Sumif's Weapon Shop.
  6985 | D:5      | Found Qirot's Distillery.
  7234 | D:5      | Found Pehast's Book Shop.
  7234 | D:5      | Found Zupygutz's Antique Weapon Shop.
  7240 | D:5      | Reached skill level 4 in Fighting
  7639 | D:5      | Reached skill level 5 in Spellcasting
  8448 | D:6      | Found an opulent altar of Gozag.
  8704 | D:6      | Reached skill level 5 in Fighting
  9092 | D:6      | Found a basalt altar of Yredelemnul.
  9489 | D:7      | Found a snail-covered altar of Cheibriados.
  9489 | D:7      | Found a sacrificial altar of Ru.
  9495 | D:7      | Reached * piety under Dithmenos
  9526 | D:7      | Found a burning altar of Makhleb.
  9529 | D:7      | Found a shimmering altar of Xom.
 10136 | D:8      | Reached skill level 1 in Air Magic
 10136 | D:8      | Reached XP level 9. HP: 74/74 MP: 17/17
 10829 | D:8      | Noticed Maggie
 10949 | D:8      | Killed Maggie
 10950 | D:8      | Reached skill level 6 in Fighting
 11377 | D:9      | Found a staircase to the Lair.
 11377 | D:9      | Found a staircase to the Orcish Mines.
 11391 | D:9      | Noticed Maurice
 11400 | D:9      | Killed Maurice
 12074 | D:9      | Reached XP level 10. HP: 74/84 MP: 15/20
 12106 | D:9      | Reached skill level 10 in Conjurations
 12311 | D:9      | Reached skill level 7 in Fighting
 12457 | D:9      | Noticed a two-headed ogre
 12643 | D:9      | Reached ** piety under Dithmenos
 13007 | D:9      | Killed a two-headed ogre
 13008 | D:9      | Reached skill level 5 in Air Magic
 13073 | D:10     | Entered Level 10 of the Dungeon
 13760 | D:10     | Reached skill level 8 in Fighting
 13922 | D:5      | Bought a book of Air for 455 gold pieces
 13924 | D:5      | Learned a level 1 spell: Shock
 13930 | D:5      | Learned a level 5 spell: Lightning Bolt
 14203 | D:10     | Noticed a two-headed ogre
 14212 | D:10     | Killed a two-headed ogre
 14766 | Lair:1   | Entered Level 1 of the Lair of Beasts
 14803 | Lair:1   | Reached XP level 11. HP: 66/95 MP: 7/23
 15641 | Lair:1   | Reached skill level 5 in Dodging
 16268 | Lair:1   | Reached skill level 9 in Fighting
 17423 | Lair:2   | Learned a level 4 spell: Petrify
 17461 | Lair:2   | Noticed an oklob plant
 17461 | Lair:2   | Noticed an oklob plant
 17461 | Lair:2   | Noticed an oklob plant
 17495 | Lair:2   | Killed an oklob plant
 17515 | Lair:2   | Reached *** piety under Dithmenos
 17796 | Lair:2   | Killed an oklob plant
 17800 | Lair:2   | Killed an oklob plant
 17857 | Lair:2   | Found a glowing golden altar of the Shining One.
 18197 | Lair:2   | Reached skill level 10 in Fighting
 18200 | Lair:2   | Reached XP level 12. HP: 106/106 MP: 9/25
 19550 | Lair:3   | Noticed an eight-headed hydra
 19811 | Lair:3   | Killed an eight-headed hydra
 19817 | Lair:3   | Learned a level 3 spell: Swiftness
 19974 | Lair:3   | Noticed a seven-headed hydra
 19981 | Lair:3   | Found a staircase to the Swamp.
 19988 | Lair:3   | Killed a seven-headed hydra
 20663 | Lair:4   | Found a hole to the Spider Nest.
 20997 | Lair:4   | Noticed Nessos
 21053 | Lair:4   | Reached skill level 10 in Spellcasting
 21056 | Lair:4   | Reached skill level 11 in Fighting
 21268 | Lair:4   | Succumbed to Nessos's poison

Illustrated notes

Levels and vault maps discovered:
D:1:      saegor_arrival_simple_a, layout_basic, bh_walls_and_bars
D:2:      wad_pebble_path, layout_loops_ring, basic_altar,
          hellmonk_ecumenical_altar_pennies_from_heaven, minmay_octomino_e4,
          uniq_robin
D:3:      layout_basic
D:4:      layout_basic, minmay_temple_entry_mini_moons, kennysheep_cross_room,
          uniq_duvessa, uniq_edmund, uniq_eustachio
D:5:      layout_basic, palyth_stone_intersect, minmay_shop_grid_forest,
          corexii_checkpoint_b
D:6:      layout_rooms, grunt_gozag_breadcrumbs, nicolae_overflow_hidden_temple
D:7:      layout_basic, grunt_temple_overflow_cloverleaf
D:8:      layout_basic, uniq_maggie
D:9:      layout_basic, lair_entry_dummy, minmay_orc_entry_temple_small,
          serial_park_tiny_pond, uniq_maurice
D:10:     layout_loops_cross
Temple:   regret_index_temple_sphere_string
Lair:1:   layout_chaotic_city, beast_lair_carwin_2, lemuel_fruit_fields,
          lemuel_fruit_fields
Lair:2:   layout_hall_layers, basic_altar, st_stairs_12,
          minmay_lair_oklob_chamber
Lair:3:   layout_hall_layers, minmay_swamp_entry_reptiles, grunt_megastairs_1
Lair:4:   layout_layer_cave, spider_nest_entry_web_field, minmay_lindwurm_lava,
          serial_bayou_shore_b, uniq_nessos

Skill      XL: |  1  2  3  4  5  6  7  8  9 10 11 12 |
---------------+-------------------------------------+-----
Stealth        | 2 |  2.5
Conjurations   | 5 6 7 8 9 10 | 10.0
Spellcasting   | 3 4 5 6 8 9 10 | 10.0
Fighting       | 2 3 5 6 8 10 11 | 11.0
Hexes          | 2 3 |  3.5
Air Magic      | 1 3 6 8 9 |  9.5
Dodging        | 2 4 6 7 |  7.7

Action                   |  1- 3 |  4- 6 |  7- 9 | 10-12 || total
-------------------------+-------+-------+-------+-------++-------
Melee: Dagger            |     6 |     4 |       |     2 ||    12
       Tailslap          |     1 |     1 |       |       ||     2
 Cast: Magic Dart        |    80 |    68 |   138 |   105 ||   391
       Searing Ray       |     3 |    14 |    50 |    85 ||   152
       Fulminant Prism   |       |       |     8 |    48 ||    56
       Lightning Bolt    |       |       |       |    10 ||    10
       Shock             |       |       |       |   130 ||   130
       Swiftness         |       |       |       |     1 ||     1
  Use: Scroll            |       |     3 |     6 |     3 ||    12
       Potion            |       |     3 |       |       ||     3
Armor: Skin              |     6 |    28 |    21 |    71 ||   126
Dodge: Dodged            |    25 |    38 |    42 |   225 ||   330

Table legend: (Time is in decaauts)
 A = Elapsed time spent in this place.
 B = Non-inter-level travel time spent in this place.
 C = Inter-level travel time spent in this place.
 D = Time resting spent in this place.
 E = Time spent auto-exploring this place.
 F = Levels seen in this place.
 G = Mean time per level.
                   A        B        C        D        E       F      G
               +--------+--------+--------+--------+--------+-----+--------+
         Total |  21325 |  20124 |   1201 |   6291 |  10653 |  15 | 1421.7 |
       Dungeon |  14819 |  13776 |   1043 |   4008 |   7520 |  10 | 1481.9 |
        Temple |    206 |    159 |     47 |      0 |    116 |   1 |  206.0 |
          Lair |   6300 |   6189 |    111 |   2283 |   3017 |   4 | 1575.0 |
               +--------+--------+--------+--------+--------+-----+--------+

Top non-repeatable levels by time:
  Lair:2: 2578 daAuts
     D:5: 2157 daAuts
     D:9: 2122 daAuts
  Lair:1: 1819 daAuts
     D:4: 1621 daAuts
     D:3: 1609 daAuts
     D:2: 1524 daAuts
     D:1: 1507 daAuts
    D:10: 1379 daAuts
     D:8: 1287 daAuts
  Lair:3: 1158 daAuts
     D:6: 869 daAuts
  Lair:4: 742 daAuts
     D:7: 740 daAuts
  Temple: 206 daAuts
